 Dungeon Crawl Stone Soup version 0.21.0-3-g78d12a8 (webtiles) character file.

1225 inmateoo the Bolt Thrower (level 8, 0/62 HPs)
             Began as a Demonspawn Hunter on Jan 9, 2018.
             Slain by a scorpion (3 damage)
             ... on level 6 of the Dungeon.
             The game lasted 00:17:26 (9181 turns).

inmateoo the Bolt Thrower (Demonspawn Hunter)       Turns: 9181, Time: 00:17:27

Health: 0/62       AC: 13    Str: 17    XL:     8   Next: 23%
Magic:  8/8        EV:  9    Int: 14    God:
Gold:   341        SH:  0    Dex: 17    Spells: 6/7 levels left

rFire    + . .     SeeInvis .   q - +0 long sword
rCold    + + .     Gourm    .   (no shield)
rNeg     . . .     Faith    .   j - +1 chain mail
rPois    +         Spirit   .   (helmet restricted)
rElec    .         Reflect  .   m - scarf {rC+ rF+}
rCorr    .         Harm     .   (no gloves)
MR       +....                  (no boots)
Stlth    ..........             (no amulet)
HPRegen  0.20/turn              h - ring of stealth
MPRegen  0.11/turn              c - ring of protection from cold

@: mighty, lethally poisoned (0 -> -18), flying
A: antennae 1, beak, slimy green scales 3, clever 1, magic resistance 1
a: no special abilities


You were on level 6 of the Dungeon.
You were very hungry.

You visited 1 branch of the dungeon, and saw 6 of its levels.
You also visited: Ossuary.

You collected 341 gold pieces.

Inventory:

Hand Weapons
 a - a +2 hand crossbow
 b - a +0 rapier
 p - a +0 quarterstaff
 q - a +0 long sword (weapon)
Missiles
 d - 5 bolts
 l - 4 javelins (quivered)
Armour
 j - a +1 chain mail (worn)
 m - a scarf of resistance (worn)
Jewellery
 c - a ring of protection from cold (right hand)
 h - a ring of stealth (left hand)
Scrolls
 g - 3 scrolls of remove curse
 i - 3 scrolls of teleportation
 s - 3 scrolls of enchant armour
Potions
 o - a potion of flight
 t - a potion of lignification
 u - 3 potions of cancellation
 v - a potion of magic
Comestibles
 f - 13 rations


   Skills:
 - Level 5.0 Fighting
 + Level 2.3 Long Blades
 * Level 7.2 Crossbows
 + Level 4.5 Dodging
 - Level 0.8 Stealth


You had 6 spell levels left.
You knew the following spells:

 Your Spells              Type           Power        Failure   Level  Hunger
a - Apportation           Tloc           #.....       99%         1    ##.....


Dungeon Overview and Level Annotations

Branches:
Dungeon (6/15)
 Temple: D:4-7

Altars:
Dithmenos
Makhleb
Nemelex Xobeh
Trog

Annotations:
D:3 Monsterracer's ghost, amateur MfAE
D:5 Eustachio; Grinder


Innate Abilities, Weirdness & Mutations

You have a pair of small antennae on your head.
You are completely covered in slimy green scales. (AC +4, rPois)
You have a beak for a mouth.
Your mind is acute. (Int +2)
You are resistant to hostile enchantments. (MR+)


Message History

You feel sick.
The scorpion stings you but does no damage.
Your chain mail prevents you from hitting the scorpion.
You peck the scorpion, but do no damage.
The scorpion is almost dead.
You feel sick.
The scorpion stings you but does no damage.
The scorpion stings you!
* * * LOW HITPOINT WARNING * * *
You are more poisoned.
The scorpion poisons you!
It was a potion of might.
You feel very mighty all of a sudden.
* * * LOW HITPOINT WARNING * * *
You feel sick. The scorpion barely misses you.
You feel very buoyant.
You fly up into the air.
* * * LOW HITPOINT WARNING * * *
You feel sick. The scorpion stings you.
You die...

##########'###.......#########...
#.....#..............#......##...
#.....#..............#...........
......#..............#...........
......#..........................
#####'#.................##+######
........######..........<........
........#....#...................
........#....#..@................
........#....#...s...............
........#....#...................
........'....'...................
........#....#...................
........##...#.................##
##########...#..............
............#..............
..........).#..............


You could see a scorpion.

Vanquished Creatures
  A water moccasin (D:6)
  An elf zombie (Ossuary)
  3 bullfrogs (D:6)
  2 scorpions
  3 crimson imps
  An orc priest (D:4)
  A centaur skeleton (D:4)
  2 hounds (D:6)
  3 bullfrog skeletons (D:5)
  2 iguanas (D:5)
  Terence (D:3)
  3 worker ants
  A hound skeleton (D:3)
  3 mummies (Ossuary)
  Robin (D:3)
  2 gnolls (D:5)
  2 howler monkey skeletons
  7 adders
  A shadow imp (D:5)
  An adder skeleton (D:6)
  4 adder zombies
  4 worms
  3 dart slugs
  2 leopard geckos (D:4)
  7 orcs
  3 ball pythons
  7 bats
  7 giant cockroaches
  A gnoll zombie (Ossuary)
  8 hobgoblins
  4 jackals (D:2)
  3 kobolds
  2 quokkas
  2 frilled lizards (D:2)
  16 goblins
  2 goblin zombies (Ossuary)
  4 hobgoblin zombies (Ossuary)
  3 quokka zombies (Ossuary)
  6 rats
  3 rat zombies (Ossuary)
132 creatures vanquished.

Notes
Turn   | Place    | Note
-------+----------+-------------------------------------------
     0 | D:1      | inmateoo the Demonspawn Hunter began the quest for the Orb.
     0 | D:1      | Reached XP level 1. HP: 16/16 MP: 1/1
   838 | D:1      | Gained mutation: You have a pair of small antennae on your head. [demonic ancestry]
   838 | D:1      | Reached XP level 2. HP: 20/22 MP: 2/2
  1095 | D:1      | Reached skill level 4 in Crossbows
  1776 | D:2      | Gained mutation: You are partially covered in slimy green scales. (AC +2) [demonic ancestry]
  1776 | D:2      | Reached XP level 3. HP: 26/28 MP: 3/3
  2192 | D:2      | Found a sparkling altar of Nemelex Xobeh.
  3000 | D:3      | Gained mutation: You are mostly covered in slimy green scales. (AC +3) [demonic ancestry]
  3000 | D:3      | Reached XP level 4. HP: 23/34 MP: 4/4
  3230 | D:3      | Found a bloodstained altar of Trog.
  3926 | D:3      | Noticed Monsterracer's ghost (amateur MfAE)
  4496 | D:3      | Noticed Terence
  4515 | D:3      | Killed Terence
  4515 | D:3      | Reached XP level 5. HP: 19/41 MP: 5/5
  4966 | D:4      | Reached skill level 5 in Crossbows
  5304 | D:4      | Noticed Robin
  5351 | D:3      | Killed Robin
  5642 | D:4      | Gained mutation: You are completely covered in slimy green scales. (AC +4, rPois) [demonic ancestry]
  5642 | D:4      | Reached XP level 6. HP: 33/47 MP: 6/6
  5794 | D:4      | Found a shadowy altar of Dithmenos.
  6447 | D:5      | Entered Level 5 of the Dungeon
  6685 | D:5      | Noticed a sky beast
  7083 | D:5      | Reached skill level 6 in Crossbows
  7220 | D:5      | Reached XP level 7. HP: 34/54 MP: 7/7
  7905 | D:5      | Found a burning altar of Makhleb.
  7923 | D:5      | Noticed Grinder
  7927 | D:5      | Noticed Eustachio
  7933 | D:5      | Paralysed by Grinder for 5 turns
  7957 | D:5      | Paralysed by Grinder for 6 turns
  8166 | D:6      | Learned a level 1 spell: Apportation
  8270 | D:6      | Reached skill level 1 in Long Blades
  8307 | D:6      | Found Amugumid's Magic Scroll Boutique.
  8522 | D:6      | Gained mutation: You are resistant to hostile enchantments. (MR+) [potion of mutation]
  8522 | D:6      | Gained mutation: You have a beak for a mouth. [potion of mutation]
  8522 | D:6      | Gained mutation: Your mind is acute. (Int +2) [potion of mutation]
  8719 | D:6      | Reached XP level 8. HP: 44/61 MP: 8/8
  8744 | D:6      | Reached skill level 7 in Crossbows
  8778 | D:6      | Found a sand-covered staircase.
  8782 | Ossuary  | Entered an ossuary
  8925 | Ossuary  | Reached skill level 5 in Fighting
  9181 | D:6      | HP: 3/62 [poisoned by a scorpion]
  9181 | D:6      | Slain by a scorpion

Skill      XL: |  1  2  3  4  5  6  7  8 |
---------------+-------------------------+-----
Dodging        | 2 3 4 |  4.5
Crossbows      | 4 5 6 7 |  7.2
Fighting       | 3 4 5 |  5.0
Long Blades    | 1 2 |  2.3
Stealth        | |  0.8

Action                   |  1- 3 |  4- 6 |  7- 9 || total
-------------------------+-------+-------+-------++-------
Melee: Short sword       |   205 |    60 |       ||   265
       Rapier            |       |   222 |       ||   222
       Quarterstaff      |       |    30 |    18 ||    48
       Long sword        |       |       |   259 ||   259
       Peck              |       |       |    40 ||    40
       Hand crossbow     |       |       |     2 ||     2
 Fire: Hand crossbow     |     8 |    33 |     9 ||    50
Throw: Javelin           |       |     9 |     4 ||    13
  Use: Scroll            |     5 |     7 |     9 ||    21
       Potion            |       |       |     6 ||     6
 Stab: Distracted        |     1 |       |       ||     1
  Eat: Chunk             |     7 |    12 |     4 ||    23
       Ration            |       |       |     1 ||     1
Armor: Leather armour    |    64 |    22 |       ||    86
       Chain mail        |       |   165 |   316 ||   481
Dodge: Dodged            |   148 |   149 |   136 ||   433
       Rpst.: Long sword |       |       |    46 ||    46
